 Dungeon Crawl Stone Soup version 0.24-a0-446-g87df7205b4 (webtiles) character file.

Game seed: 1832188855628882223

6766 drasked the Grappler (level 10, -4/102 HPs)
             Began as a Troll Monk on June 23, 2019.
             Was an Elder of Jiyva.
             Slain by a freezing wraith (12 damage)
             ... led by a death knight
             ... on level 11 of the Dungeon.
             The game lasted 00:32:25 (6771 turns).

drasked the Grappler (Troll Monk)                   Turns: 6771, Time: 00:32:26

Health: -4/102     AC:  8    Str: 17    XL:     10   Next: 76%
Magic:  7/9        EV: 10    Int: 10    God:    Jiyva [****..]
Gold:   386        SH:  4    Dex: 15    Spells: 9/9 levels left

rFire    . . .     SeeInvis .     - Unarmed
rCold    . . .     Gourm    +   (no shield)
rNeg     . . .     Faith    .   q - +0 troll leather armour {regen}
rPois    .         Spirit   .   (helmet restricted)
rElec    .         Reflect  +   (no cloak)
rCorr    +         Harm     .   (gloves unavailable)
MR       .....                  (boots unavailable)
Stlth    ++........             d - +4 amulet of reflection
HPRegen  1.07/turn              (no ring)
MPRegen  0.11/turn              (no ring)

@: slowed, very slow
A: large, unfitting armour, claws 3, fast metabolism 3, gourmand, mutation
resistance 1, regeneration 1, shaggy fur 1, tough skin 3, wild magic 2, jelly
absorbing missiles
a: Request Jelly, Slimify, Renounce Religion


You were on level 11 of the Dungeon.
You worshipped Jiyva.
Jiyva was greatly pleased with you.
You were full.

You visited 2 branches of the dungeon, and saw 11 of its levels.

You collected 386 gold pieces.

Inventory:

Missiles
 i - 2 throwing nets {=f, !d}
 o - a large rock (quivered) {!d}
Armour
 c - the +0 robe "Rekyoqu" {rF+ Slay+2}
   (You found it on level 10 of the Dungeon)

   It affects your accuracy and damage with ranged weapons and melee attacks
   (+2).
   It protects you from fire.
 q - a +0 troll leather armour (worn) {regen}
   (You found it on level 10 of the Dungeon)
Jewellery
 d - a +4 amulet of reflection (around neck)
   (You found it on level 5 of the Dungeon)
Wands
 n - a wand of disintegration (6)
   (You took it off a goblin on level 3 of the Dungeon)
 r - a wand of paralysis (3)
   (You took it off an orc on level 8 of the Dungeon)
 s - a wand of flame (20)
   (You found it on level 10 of the Dungeon)
Scrolls
 a - a scroll of identify
 e - 3 scrolls of teleportation
 f - a scroll of enchant weapon
 g - 3 scrolls of remove curse
 j - 3 scrolls of blinking {!r}
 m - 2 scrolls of amnesia
Potions
 h - 2 potions of curing
 k - a potion of heal wounds
 l - 2 potions of haste {unknown}
 p - a potion of brilliance
Comestibles
 b - 24 rations


   Skills:
 + Level 7.5 Fighting
 + Level 7.0 Throwing
 - Level 2.4 Dodging
 - Level 1.0 Stealth
 * Level 12.1 Unarmed Combat


You had 9 spell levels left.
You didn't know any spells.
Your spell library contained the following spells:

 Spells                   Type           Power        Failure   Level  Hunger
 Sting                    Conj/Pois      #...         61%         1    ##.....
 Poisonous Vapours        Pois/Air       #.....       73%         2    ###....
 Spider Form              Tmut/Pois      #.........   90%         3    ####...
 Olgreb's Toxic Radiance  Pois           #.......     100%        4    #####..
 Alistair's Intoxication  Tmut/Pois      #.......     100%        5    ######.
 Venom Bolt               Conj/Pois      #.........   100%        5    ######.


Dungeon Overview and Level Annotations

Branches:
Dungeon (11/15)            Temple (1/1) D:5
   Lair: D:8-11         Orc: D:9-12

Altars:
Ashenzari
Cheibriados
Dithmenos
Elyvilon
Fedhas
Gozag
Hepliaklqana
Makhleb
Nemelex Xobeh
Okawaru
Qazlal
Ru
Sif Muna
Trog
Uskayaw
Vehumet
Wu Jian
Xom
Yredelemnul
Zin
The Shining One
Jiyva


Innate Abilities, Weirdness & Mutations

You are too large for most types of armour.
You have claws for hands.
Your metabolism is lightning-fast.
You like to eat raw meat.
Your natural rate of healing is unusually fast.
You are covered in fur. (AC +1)
You have extremely tough skin. (AC +3)
You are somewhat resistant to further mutation.
Your spells are harder to cast, but more powerful.
You have a small jelly attached to you that may absorb incoming projectiles.


Message History

t - 4 chunks of flesh {@w0} (gained 1)
Items here: )) [[ ÷÷ a +1 short sword of electrocution; a +0 leather armour; a +0 battleaxe a +0 chain mail; an orc skeleton x2
You regained 2 hp, and now have 78/102 hp.
Autoeating chunks.
Eating one of 4 chunks of flesh {@w0}.
You eat one of the 4 chunks of flesh {@w0}.
This raw flesh tastes great.
Autoeating chunks.
Eating one of 3 chunks of flesh {@w0}.
You eat one of the 3 chunks of flesh {@w0}.
This raw flesh tastes great.
Autoeating chunks.
Eating one of 2 chunks of flesh {@w0}.
You eat one of the 2 chunks of flesh {@w0}.
This raw flesh tastes great.
Autoeating chunks.
Eating a chunk of flesh {@w0}.
You eat the chunk of flesh {@w0}.
This raw flesh tastes great.
You may need something to eat soon, looking for food.
Can't find anything matching that.
Okay, then.
The freezing wraith is too close now for your liking.
You regained 9 hp, and now have 91/102 hp.
A freezing wraith is nearby!
A freezing wraith is nearby!
The freezing wraith barely misses you. The freezing wraith closely misses you.
You mangle the freezing wraith!! The freezing wraith hits you.
The freezing wraith freezes you! The freezing wraith hits you.
You take 24 damage, and have 70/102 hp.
MASSIVE DAMAGE!!
You closely miss the freezing wraith. You mangle the freezing wraith!!
The freezing wraith barely misses you. The freezing wraith hits you.
The freezing wraith drains your vigour!
You feel yourself slow down.
You take 1 damage, and have 69/102 hp.
You mangle the freezing wraith!!
You destroy the freezing wraith!
Your Throwing skill increases to level 7!
The death knight offers itself to Yredelemnul, and fills with unholy energy.
You regained 2 hp, and now have 72/102 hp.
A thick mucus forms on your claws.
You now have 5/9 mp.
The death knight quivers uncontrollably and liquefies into a slime creature!
The freezing wraith hits the slime creature.
The freezing wraith freezes the slime creature!
The freezing wraith hits the slime creature!
You regained 2 hp, and now have 75/102 hp.
You hear a slurping noise.
Jiyva appreciates your sacrifice.
You feel a little less hungry.
The slime creature hits the freezing wraith.
The freezing wraith hits the slime creature!
The freezing wraith freezes the slime creature!
The freezing wraith barely misses the slime creature.
You hear a slurping noise.
Jiyva appreciates your sacrifice.
You feel a little less hungry.
You feel your power returning.
The slime creature hits the freezing wraith!
The freezing wraith hits the slime creature!
The freezing wraith freezes the slime creature!!
The slime creature dies!
The death knight returns to its original shape as it dies.
You regained 2 hp, and now have 78/102 hp.
The freezing wraith hits you but does no damage. x2
You barely miss the freezing wraith. Your claw misses the freezing wraith.
The freezing wraith hits you. The freezing wraith freezes you!
The freezing wraith hits you but does no damage.
You take 20 damage, and have 59/102 hp.
Unknown command.
Your troll leather armour prevents you from hitting the freezing wraith.
You feel yourself speed up. The freezing wraith hits you!
The freezing wraith freezes you!!
* * * LOW HITPOINT WARNING * * *
The freezing wraith hits you.
* * * LOW HITPOINT WARNING * * *
The freezing wraith drains your vigour!
You feel yourself slow down.
You take 33 damage, and have 26/102 hp.
MASSIVE DAMAGE!!
Throwing (i - inventory)
o - 3 large rocks (quivered)
{!d}
Aim: a freezing wraith (heavily damaged)
You throw a large rock {!d}.
The large rock {!d} hits the freezing wraith but does no damage.
The freezing wraith hits you but does no damage.
The freezing wraith barely misses you. The freezing wraith hits you!
* * * LOW HITPOINT WARNING * * *
The freezing wraith freezes you!
* * * LOW HITPOINT WARNING * * *
You block the freezing wraith's attack.
You take 14 damage, and have 12/102 hp.
Throwing (i - inventory)
o - 2 large rocks (quivered)
{!d}
Aim: a freezing wraith (heavily damaged)
You throw a large rock {!d}.
The large rock {!d} hits the freezing wraith.
The freezing wraith hits you.
* * * LOW HITPOINT WARNING * * *
The freezing wraith freezes you!
You die...

#..... p.# ......
..# #.... ... #....
$### # #.# .# #$#
.# #†# #W# #@#
############.####.#
.......÷..........#
........<.##......#
########.###.._...#
#.# #.....># #.#
.......# #.#
.###.#.# #)# . ...#


You could see a freezing wraith.

Vanquished Creatures
  An unseen horror (D:10)
  A phantasmal warrior (D:10)
  Joseph (D:9)
  A freezing wraith (D:11)
  A queen bee (D:10)
  A troll (D:10)
  A hornet (D:8)
  9 yaks
  A wyvern (D:8)
  A hungry ghost (D:8)
  Menkaure (D:5)
  A soldier ant (D:10)
  4 orc warriors
  A necrophage (D:10)
  3 ogres
  A phantom (D:9)
  2 centaurs
  4 bullfrogs
  2 wyvern skeletons
  A scorpion (D:6)
  19 killer bees
  A crimson imp (D:5)
  4 orc priests
  6 orc wizards
  A bullfrog skeleton (D:4)
  4 worker ants
  12 gnolls
  A howler monkey zombie (D:6)
  7 adders
  A shadow imp (D:10)
  2 oozes
  An adder zombie (D:8)
  An adder skeleton (D:9)
  A worm (D:5)
  5 dart slugs
  4 leopard geckos
  29 orcs
  4 bats
  5 giant cockroaches
  10 goblins
  4 hobgoblins
  11 jackals
  4 quokkas
  5 frilled lizards
  A giant cockroach zombie (D:5)
  7 kobolds
  2 quokka skeletons
  5 rats
195 creatures vanquished.

Vanquished Creatures (others)
  3 slime creatures
  2 yaks (D:9)
  A sky beast (D:8)
  2 centaurs
  A big kobold (D:9)
  A howler monkey (D:9)
  7 killer bees (D:10)
  13 jellies
  2 orc wizards (D:6)
  6 adders
  2 oozes (D:10)
  3 orcs
  7 kobolds (D:9)
  A quokka (D:8)
  A bush (D:11)
  2 fungi (D:11)
  3 plants (D:11)
57 creatures vanquished.

Grand Total: 252 creatures vanquished

Notes
Turn   | Place    | Note
-------+----------+-------------------------------------------
     0 | D:1      | drasked the Troll Monk began the quest for the Orb.
     0 | D:1      | Reached XP level 1. HP: 22/22 MP: 0/0
    62 | D:1      | Reached XP level 2. HP: 29/29 MP: 1/1
   613 | D:2      | Reached XP level 3. HP: 32/36 MP: 2/2
   652 | D:2      | Found a burning altar of Makhleb.
   653 | D:2      | Found a radiant altar of Vehumet.
   677 | D:2      | Reached skill level 4 in Unarmed Combat
   856 | D:2      | Reached skill level 3 in Fighting
   908 | D:2      | Reached XP level 4. HP: 45/45 MP: 3/3
  1276 | D:2      | Found a sacrificial altar of Ru.
  1472 | D:3      | Reached skill level 5 in Unarmed Combat
  1472 | D:3      | Reached XP level 5. HP: 53/53 MP: 4/4
  1593 | D:3      | HP: 13/53 [gnoll (2)]
  1600 | D:3      | HP: 7/53 [gnoll/cursed -3 spear (5)]
  1782 | D:3      | Found a snail-covered altar of Cheibriados.
  2083 | D:4      | Reached XP level 6. HP: 62/62 MP: 5/5
  2170 | D:4      | Reached skill level 1 in Throwing
  2170 | D:4      | Reached skill level 6 in Unarmed Combat
  2398 | D:4      | Reached skill level 4 in Fighting
  2422 | D:4      | Found a bloodstained altar of Trog.
  2617 | D:5      | Entered Level 5 of the Dungeon
  2683 | D:5      | Reached XP level 7. HP: 46/70 MP: 6/6
  2692 | D:5      | Reached skill level 2 in Throwing
  2745 | D:5      | Found an iron altar of Okawaru.
  2927 | D:5      | Found a bloodstained altar of Trog.
  2936 | D:5      | Found an ornate altar of the Wu Jian Council.
  2951 | D:5      | Reached skill level 7 in Unarmed Combat
  3016 | D:5      | Found a shadowy altar of Dithmenos.
  3127 | D:5      | Found a blossoming altar of Fedhas.
  3376 | D:5      | Noticed Menkaure
  3377 | D:5      | Killed Menkaure
  3379 | D:5      | Found a staircase to the Ecumenical Temple.
  3422 | Temple   | Entered the Ecumenical Temple
  3428 | Temple   | Became a worshipper of Jiyva Jucaatar the Shapeless
  3428 | Temple   | Reached * piety under Jiyva
  3428 | Temple   | Reached ** piety under Jiyva
  3558 | D:6      | Noticed an angel
  3559 | D:6      | Found a glowing silver altar of Zin.
  3569 | D:6      | Found a shimmering altar of Xom.
  3618 | D:6      | Reached skill level 3 in Throwing
  3618 | D:6      | Reached XP level 8. HP: 77/79 MP: 7/7
  3705 | D:6      | Reached skill level 8 in Unarmed Combat
  3718 | D:6      | You fall into a shaft and drop 3 floors!
  3740 | D:8      | Noticed a hornet
  3749 | D:9      | Noticed Joseph
  3765 | D:9      | Killed Joseph
  3765 | D:9      | Reached skill level 5 in Fighting
  3767 | D:9      | Reached skill level 4 in Throwing
  3771 | D:9      | HP: 20/80 [wyvern skeleton (9)]
  3773 | D:9      | HP: 6/80 [wyvern skeleton (10)]
  3944 | D:9      | Reached skill level 9 in Unarmed Combat
  3961 | D:9      | Reached *** piety under Jiyva
  3966 | D:9      | Gained mutation: Your spells are a little harder to cast,
                  | but a little more powerful. [Jiyva's grace]
  4070 | D:9      | Reached XP level 9. HP: 64/88 MP: 8/8
  4093 | D:9      | HP: 17/89 [yak (13)]
  4097 | D:9      | Reached **** piety under Jiyva
  4105 | D:8      | Identified the Compendium of Intoxication
  4290 | D:8      | Paralysed by an orc for 7 turns
  4313 | D:8      | Reached skill level 6 in Fighting
  4313 | D:8      | Reached skill level 5 in Throwing
  4320 | D:8      | Reached skill level 10 in Unarmed Combat
  4416 | D:8      | Gained mutation: You have a small jelly attached to you
                  | that may absorb incoming projectiles. [Jiyva's grace]
  4440 | D:8      | Reached ***** piety under Jiyva
  4800 | D:9      | Gained mutation: Your spells are harder to cast, but more
                  | powerful. [Jiyva's grace]
  4919 | D:9      | Found a basalt altar of Yredelemnul.
  5281 | D:10     | Entered Level 10 of the Dungeon
  5428 | D:10     | HP: 22/92 [yak (9)]
  5430 | D:10     | HP: 8/92 [yak (12)]
  5528 | D:10     | Got an opalescent robe
  5539 | D:10     | Identified the cursed +0 robe "Rekyoqu" {rF+ Slay+2} (You
                  | found it on level 10 of the Dungeon)
  5626 | D:10     | Reached XP level 10. HP: 57/100 MP: 9/9
  5638 | D:10     | Killed an unseen horror
  5638 | D:10     | Reached skill level 6 in Throwing
  5638 | D:10     | Reached skill level 11 in Unarmed Combat
  5923 | D:10     | Reached skill level 7 in Fighting
  6612 | D:11     | Noticed a death knight
  6612 | D:11     | Noticed a phantasmal warrior
  6625 | D:10     | Killed a phantasmal warrior
  6675 | D:10     | Gained mutation: You are somewhat resistant to further
                  | mutation. [Jiyva's grace]
  6706 | D:11     | Found a hazy altar of Hepliaklqana.
  6734 | D:11     | Reached skill level 12 in Unarmed Combat
  6761 | D:11     | Reached skill level 7 in Throwing
  6764 | D:11     | Slimified a death knight
  6764 | D:11     | a death knight changed into a slime creature
  6770 | D:11     | HP: 21/102 [freezing wraith[a death knight] (8)]
  6771 | D:11     | HP: 8/102 [freezing wraith[a death knight] (6)]
  6771 | D:11     | Slain by a freezing wraith

Levels and vault maps discovered:
D:1:      nicolae_arrival_memento_mori, layout_basic
D:2:      layout_loops_cross, chequers_temple_overflow_statue_of_worship,
          lemuel_coloured_pillars_altar, minmay_misc_feat_hallway
D:3:      wad_pebble_path, layout_loops_ring, kennysheep_slug_shrine
D:4:      layout_rooms, trog_butcher_becter
D:5:      layout_basic, nicolae_overflow_hidden_temple,
          overflow_temple_1_default, fedhas_altar_4, okawaru_ov_weapons_minmay,
          minmay_temple_entry_statues_fountains, first_ration, bloody_trog,
          uniq_menkaure
D:6:      layout_basic, grunt_temple_overflow_order_and_chaos_1, basic_altar
D:8:      layout_basic
D:9:      layout_stronghold, yredelemnul_altar_generic, uniq_joseph
D:10:     layout_roguey, special_room [special_room_bee], grunt_ogre_cave
D:11:     layout_loops_ring, minmay_lair_entry_grove, basic_altar,
          uniq_josephine, uniq_harold, uniq_snorg
Temple:   pf_slimified_temple

Skill      XL: |  1  2  3  4  5  6  7  8  9 10 |
---------------+-------------------------------+-----
Unarmed Combat | 4 5 6 7 9 10 12 | 12.1
Fighting       | 3 4 5 6 7 |  7.5
Throwing       | 1 3 4 5 7 |  7.0
Dodging        | |  2.4
Stealth        | |  1.0

Action                   |  1- 3 |  4- 6 |  7- 9 | 10-12 || total
-------------------------+-------+-------+-------+-------++-------
Melee: Unarmed           |    72 |   177 |   237 |   157 ||   643
       Punch             |       |     8 |    13 |     7 ||    28
Throw: Large rock        |       |       |     4 |     4 ||     8
Invok: Slimify           |       |       |       |     6 ||     6
       Request Jelly     |       |       |       |     1 ||     1
  Use: Scroll            |       |    14 |     3 |       ||    17
 Stab: Sleeping          |     5 |     5 |     1 |     1 ||    12
  Eat: Chunk             |    11 |    19 |    22 |     6 ||    58
Armor: Robe              |    25 |    45 |    61 |     1 ||   132
       Troll leather arm |       |       |       |    50 ||    50
Dodge: Dodged            |    35 |    88 |   106 |   110 ||   339
Block: Other             |       |       |       |    20 ||    20

Table legend:
 A = Non-vault XP
 B = Vault XP
 C = Vault XP percentage of total XP
 D = Non-vault monster count
 E = Vault monster count
 F = Vault count percentage of total count
                 A         B        C        D         E       F
            +---------+---------+-------+---------+---------+-------
      Total |    7815 |    1851 |  19.1 |     173 |      23 |  11.7
            +---------+---------+-------+---------+---------+-------
        D:1 |      33 |       0 |   0.0 |      15 |       0 |   0.0
        D:2 |     133 |       0 |   0.0 |      26 |       0 |   0.0
        D:3 |     174 |       4 |   2.2 |      29 |       1 |   3.3
        D:4 |     298 |       9 |   2.9 |      11 |       4 |  26.7
        D:5 |     495 |     157 |  24.1 |      28 |       1 |   3.4
        D:6 |     423 |       0 |   0.0 |       7 |       0 |   0.0
        D:8 |     915 |       0 |   0.0 |      11 |       0 |   0.0
        D:9 |    1305 |     445 |  25.4 |      17 |       1 |   5.6
       D:10 |    3531 |    1236 |  25.9 |      25 |      16 |  39.0
       D:11 |     508 |       0 |   0.0 |       4 |       0 |   0.0
            +---------+---------+-------+---------+---------+-------

Levels and vault maps discovered:
D:1:      nicolae_arrival_memento_mori, layout_basic
D:2:      layout_loops_cross, chequers_temple_overflow_statue_of_worship,
          lemuel_coloured_pillars_altar, minmay_misc_feat_hallway
D:3:      wad_pebble_path, layout_loops_ring, kennysheep_slug_shrine
D:4:      layout_rooms, trog_butcher_becter
D:5:      layout_basic, nicolae_overflow_hidden_temple,
          overflow_temple_1_default, fedhas_altar_4, okawaru_ov_weapons_minmay,
          minmay_temple_entry_statues_fountains, first_ration, bloody_trog,
          uniq_menkaure
D:6:      layout_basic, grunt_temple_overflow_order_and_chaos_1, basic_altar
D:8:      layout_basic
D:9:      layout_stronghold, yredelemnul_altar_generic, uniq_joseph
D:10:     layout_roguey, special_room [special_room_bee], grunt_ogre_cave
D:11:     layout_loops_ring, minmay_lair_entry_grove, basic_altar,
          uniq_josephine, uniq_harold, uniq_snorg
Temple:   pf_slimified_temple

Table legend:
 A = Turns spent in this place as a percentage of turns spent in the entire game.
 B = Non-inter-level travel turns spent in this place as a percentage of non-inter-level travel turns spent in the entire game.
 C = Inter-level travel turns spent in this place as a percentage of turns spent in this place.
 D = Turns resting spent in this place as a percentage of non-inter-level travel turns spent in this place.
 E = Turns spent auto-exploring this place as a percentage of non-inter-level travel turns spent in this place.
 F = Non-inter-level travel turns spent in this place divided by the number of levels of this place that you've seen.
                   A       B       C       D       E      F
               +-------+-------+-------+-------+-------+----------------------
         Total | 100.0 | 100.0 |   5.7 |  13.1 |  56.7 | 580.3
       Dungeon |  98.7 |  98.9 |   5.5 |  13.2 |  56.4 | 631.1
        Temple |   1.3 |   1.1 |  20.9 |   0.0 |  80.6 |  72.0
               +-------+-------+-------+-------+-------+----------------------

Table legend:
 A = Kills in this place as a percentage of kills in entire the game.
 B = Kills by you in this place as a percentage of kills by you in the entire game.
 C = Kills by friends in this place as a percentage of kills by friends in the entire game.
 D = Other kills in this place as a percentage of other kills in the entire game.
 E = Experience gained in this place as a percentage of experience gained in the entire game.
 F = Experience gained in this place divided by the number of levels of this place that you have seen.
                   A       B       C       D       E      F
               +-------+-------+-------+-------+-------+----------------------
         Total | 100.0 | 100.0 |   N/A | 100.0 | 100.0 | 878.7
       Dungeon | 100.0 | 100.0 |   N/A | 100.0 | 100.0 | 966.6
               +-------+-------+-------+-------+-------+----------------------
